 Seeded DCSS version 0.30-a0-883-g5ad918d77d (webtiles) character file.

Game seed: 13555036537017109050 (custom seed)

205 GigaChad the Shield-Bearer (level 6, -4/48 HPs)
             Began as a Formicid Fighter on Mar 17, 2023.
             Slain by an ogre
             ... wielding a +0 giant club
              (33 damage)
             ... on level 4 of the Dungeon.
             The game lasted 00:04:57 (2984 turns).

GigaChad the Shield-Bearer (Formicid Fighter)       Turns: 2984, Time: 00:04:57

Health: -4/48      AC:  9    Str: 22    XL:     6   Next: 10%
Magic:  6/6        EV:  8    Int:  8    God:
Gold:   188        SH:  5    Dex: 13    Spells: 5/5 levels left

rFire   + . .      SeeInvis +    a - +0 war axe
rCold   . . .      Faith    .    c - +0 buckler
rNeg    + . .      Spirit   .    p - +0 chain mail
rPois   +          Reflect  .    (helmet unavailable)
rElec   .          Rampage  .    (no cloak)
rCorr   .                        (no gloves)
Will    .....                    (no boots) Stlth
                                 (no amulet)
HPRegen 0.28/turn                e - ring of Wisdom {rPois rC+}
MPRegen 0.10/turn                o - ring of Doubts {Fire Fly rPois rN+ Stlth-}

@: flying, studying Shields
A: permanent stasis, dig shafts and tunnels, antennae 3, four strong arms
a: Dig, Shaft Self


You were on level 4 of the Dungeon.
You visited 1 branch of the dungeon, and saw 4 of its levels.

You collected 188 gold pieces.

Inventory:

Hand Weapons
 a - a +0 war axe (weapon)
Missiles
 s - 2 throwing nets
Armour
 b - a +0 scale mail
 c - a +0 buckler (worn)
 p - a +0 chain mail (worn)
 w - a scarf of invisibility
Jewellery
 e - the ring of Wisdom (left hand) {rPois rC+}
   (You acquired it on level 1 of the Dungeon)

   [ring of poison resistance]

   rC:        It protects you from cold.
   rPois:     It protects you from poison.
 h - an amulet of the acrobat
 o - the ring of Doubts (right hand) {Fire Fly rPois rN+ Stlth-}
   (You acquired it on level 3 of the Dungeon)

   [ring of fire]

   It enhances your fire magic.
   rF:        It protects you from fire.
   rC:        It makes you vulnerable to cold.
   rPois:     It protects you from poison.
   rN:        It protects you from negative energy.
   Fly:       It grants you flight.
   Stlth:     It makes you less stealthy.
 v - a ring of magical power
Scrolls
 g - 4 scrolls of identify {unknown}
 i - a scroll of teleportation {unknown}
 m - a scroll of immolation {unknown}
 q - a scroll of blinking {unknown}
 u - a scroll of vulnerability {unknown}
 x - a scroll of torment {unknown}
Potions
 d - 2 potions of might
 f - 5 potions of curing {unknown}
 j - 2 potions of haste {unknown}
 k - 3 potions of heal wounds {unknown}
 l - a potion of flight {unknown}
 n - a potion of attraction {unknown}
 r - a potion of degeneration {unknown}
 t - a potion of mutation {unknown}
 z - a potion of magic {unknown}


   Skills:
 * Level 4.0 Fighting
 + Level 4.3 Axes
 + Level 3.9 Armour
 * Level 1.3 Dodging
 + Level 4.8 Shields
 * Level 0.2 Spellcasting


You had 5 spell levels left.
You didn't know any spells.
Your spell library contained the following spells:

 Spells                   Type           Power      Damage    Failure   Level
 Kindle Blastsparks       Fire/Tloc/Air  0%         2d10      100%        3
 Fulminant Prism          Conj/Hex       0%         3d5       100%        4
 Iskenderun's Mystic Bla  Conj/Tloc      0%         2d3       100%        4
 Lee's Rapid Deconstruct  Erth           0%         3d4*      100%        5


Dungeon Overview and Level Annotations

Branches:
Dungeon (4/15)
 Temple: D:4-7

Altars:


Innate Abilities, Weirdness & Mutations

You cannot be hasted, slowed, berserked, paralysed or teleported.
You can dig through walls and to a lower floor.
You have a pair of large antennae on your head. (SInv)
Your four strong arms can wield two-handed weapons with a shield.


Message History

You hit the orc.
You kill the orc!
HP restored.
You now have 188 gold pieces (gained 10).
Found a stone staircase leading down.
No target in view!
A ball python comes into view.
The ball python hisses angrily.
A ball python is nearby!
A ball python is nearby!
You hit the ball python.
You kill the ball python!
f - 4 metallic white potions (gained 1)
f - 5 metallic white potions (gained 1)
k - 3 bubbling cyan potions (gained 1)
You sense a monster nearby.
No target in view!
z - a fuming coppery potion No target in view!
An ogre comes into view. It is wielding a +0 giant club.
Found 17 gold pieces.
An ogre is nearby!
Found a dented sapphire amulet.
An ogre is nearby!
You hit the ogre.
The ogre is lightly wounded.
You block the ogre's attack.
An ogre is nearby!
You closely miss the ogre.
The ogre is lightly wounded.
The ogre barely misses you.
An ogre is nearby!
You barely miss the ogre.
The ogre is lightly wounded.
The ogre hits you with a +0 giant club!!
You hit the ogre.
The ogre is moderately wounded.
The ogre hits you with a +0 giant club!!
Ouch! That really hurt!
You die...

## ..P..~~ #.".P..~~♣
. ###.#P...~~~ ?.###
#...#P.P~~~~
...###.##P..?~~♣~
...#.##.....~~P
#.#......P....
#...##..###.#
#..####@# ###..# #O#
##...## #.. #..###
###. ##.## ..
♣~.##..######## .#
♣............####.##
♣~~....#######.......#
P♣♣##.. ####.....#..


You could see an ogre.

Vanquished Creatures
  Natasha (thrice) (D:2)
  2 adders
  4 gnolls (D:2)
  2 worms
  5 dart slugs
  2 orcs
  3 ball pythons
  5 endoplasms
  2 giant cockroaches
  4 goblins
  5 hobgoblins
  3 quokkas (D:2)
  7 bats
  5 frilled lizards
  4 kobolds
  6 rats
62 creatures vanquished.

Vanquished Creatures (others)
  4 plants (D:4)
4 creatures vanquished.

Grand Total: 66 creatures vanquished

Notes
Turn   | Place    | Note
-------+----------+-------------------------------------------
     0 | D:1      | GigaChad the Formicid Fighter began the quest for the Orb.
     0 | D:1      | Reached XP level 1. HP: 18/18 MP: 1/1
   268 | D:1      | Reached XP level 2. HP: 24/24 MP: 2/2
   602 | D:1      | Identified a scroll of acquirement
   602 | D:1      | Acquired the ring of Wisdom {rPois rC+}
   787 | D:2      | Noticed Natasha
   791 | D:2      | Killed Natasha
   792 | D:2      | Reached XP level 3. HP: 30/30 MP: 3/3
   852 | D:2      | Reached XP level 4. HP: 37/37 MP: 4/4
   858 | D:2      | Noticed Natasha
   864 | D:2      | Killed Natasha
   933 | D:2      | Reached skill level 1 in Dodging
   933 | D:2      | Reached XP level 5. HP: 11/42 MP: 5/5
   935 | D:2      | You fall into a shaft and drop 1 floor!
  1384 | D:3      | Acquired the ring of Doubts {Fire Fly rPois rN+ Stlth-}
  1560 | D:2      | Acquired a manual of Shields
  1629 | D:2      | Noticed Natasha
  1633 | D:2      | Killed Natasha
  2350 | D:3      | Reached XP level 6. HP: 48/48 MP: 6/6
  2978 | D:4      | Noticed an ogre
  2984 | D:4      | Slain by an ogre

Illustrated notes

Levels and vault maps discovered:
D:1:      dpeg_arrival_water_fire, layout_basic
D:2:      layout_basic, hex_large, reono_crystal_passage, st_stairs_2,
          minmay_tromino_v7, uniq_natasha
D:3:      layout_basic
D:4:      layout_rooms, minmay_temple_entry_hall, serial_bayou,
          serial_bayou_ford_a, serial_bayou_lake_a, serial_bayou_pond_a,
          serial_bayou_shore_b

Skill      XL: |  1  2  3  4  5 |
---------------+----------------+-----
Axes           | 3 4 |  4.3
Dodging        | 1 |  1.3
Fighting       | 4 |  4.0
Armour         | |  3.9
Shields        | |  4.8
Spellcasting   | |  0.2

Action                     |  1- 3 |  4- 6 || total
---------------------------+-------+-------++-------
  Melee: War axe           |    57 |   109 ||   166
Ability: Shaft Self        |       |     1 ||     1
    Use: Scroll            |     1 |     2 ||     3
 Armour: Scale mail        |    25 |    18 ||    43
         Chain mail        |       |    27 ||    27
  Dodge: Dodged            |    13 |    46 ||    59
  Block: Buckler           |    12 |    46 ||    58

Table legend: (Time is in decaauts)
 A = Elapsed time spent in this place.
 B = Non-inter-level travel time spent in this place.
 C = Inter-level travel time spent in this place.
 D = Time resting spent in this place.
 E = Time spent auto-exploring this place.
 F = Levels seen in this place.
 G = Mean time per level.
                   A        B        C        D        E       F      G
               +--------+--------+--------+--------+--------+-----+--------+
         Total |   3041 |   2943 |     98 |    430 |   1988 |   4 |  760.2 |
       Dungeon |   3041 |   2943 |     98 |    430 |   1988 |   4 |  760.2 |
               +--------+--------+--------+--------+--------+-----+--------+

Top non-repeatable levels by time:
     D:3: 1381 daAuts
     D:2: 853 daAuts
     D:1: 690 daAuts
     D:4: 116 daAuts
